[Event "Reykjavik Chess Congress 2018"]
[Site "Reykjavik"]
[Date "2018.01.21"]
[Round "4"]
[White "Loftsson, Hrafn"]
[Black "Fridjonsson, Julius"]
[Result "1-0"]
[ECO "D11"]
[WhiteElo "2163"]
[BlackElo "2137"]
[Annotator "NA"]
[PlyCount "71"]
[EventDate "2018.??.??"]
[EventType "swiss"]
[EventCountry "ISL"]
[SourceTitle "playchess.com"]
[Source "ChessBase"]
[SourceQuality "1"]
[TimeControl "40/5400+30:900+30"]

1. d4 d5 2. c4 c6 3. Nf3 Nf6 4. Qb3 g6 5. Nc3 Bg7 6. cxd5 cxd5 7. Bg5 e6 8. e3 O-O 9. Be2 {[%emt 0:09:52] D96: Grünfeld: Russian System (5 Qb3): sidelines} (9. Bd3 Nc6 10. Ne5 h6 11. Bh4 g5 12. Bg3 Nh5 13. Nxc6 bxc6 14. O-O Nxg3 15. hxg3 e5 16. dxe5 Bxe5 17. Qc2 Qf6 {0-1 (27) Kvetny,M (2394)-Kessler,L (2433) Bregenz 2016}) 9... Qa5 10. O-O Ne4 $146 ({Find the theoretical novelty and annotate with similar games:} 10... Nc6 11. Rac1 Re8 12. Rfd1 a6 13. h3 Ne4 14. Bf4 f5 15. Na4 Qd8 16. Qb6 Qxb6 17. Nxb6 Ra7 18. Rc2 Nf6 19. Ne5 Nxe5 20. Bxe5 {1-0 (20) Bombek,P (2270)-Mosny,J (2107) Tatranska Lomnica 1999}) 11. Be7 Nxc3 12. Qxc3 (12. bxc3 $16 Re8 13. Bb4) 12... Qxc3 13. bxc3 Re8 14. Bd6 b6 15. c4 Ba6 16. Rfc1 Rc8 (16... Nd7 $11 {keeps the balance.}) 17. cxd5 Rd8 18. Bxa6 Nxa6 19. Rc6 exd5 20. Rac1 Bf8 21. Bxf8 Kxf8 22. Ne5 Ke7 23. h4 f6 24. Nd3 Rd6 25. R6c3 Rd7 26. g4 Rad8 27. g5 Rb7 28. a3 Rdd7 29. gxf6+ Kxf6 30. Nf4 Kf5 31. Rc8 Kg4 32. Kg2 Kxh4 {[%emt 0:00:28] [#]} 33. Rh1+ $16 (33. Rf8 $1 $18 Rf7 34. Rxf7 Rxf7 35. Nxd5) 33... Kg5 34. Rf8 h5 35. Rg8 Rd6 36. Rxh5+ $1 1-0

[Event "Reykjavik Chess Congress 2018"]
[Site "Reykjavik"]
[Date "2018.01.21"]
[Round "4"]
[White "Heimisson, Hilmir Freyr"]
[Black "Bergsson, Stefan"]
[Result "0-1"]
[ECO "A06"]
[WhiteElo "2136"]
[BlackElo "2093"]
[Annotator "NA"]
[PlyCount "52"]
[EventDate "2018.??.??"]
[EventType "swiss"]
[EventCountry "ISL"]
[SourceTitle "playchess.com"]
[Source "ChessBase"]
[SourceQuality "1"]
[TimeControl "40/5400+30:900+30"]

1. Nf3 d5 2. g3 Nf6 3. Bg2 Bg4 4. O-O Nbd7 5. d4 e6 6. Nbd2 Bd6 7. Re1 c5 8. c4 cxd4 9. cxd5 exd5 10. Nxd4 O-O 11. h3 Bh5 12. Nf5 Bc5 13. Nb3 Bb6 14. Bxd5 (14. Bf4 $14) 14... Ne5 (14... Bg6 $1 $11 {hält das Gleichgewicht.} 15. e4 Nxd5 16. Qxd5 Re8) 15. Bf4 Qd7 16. Nxg7 Kxg7 17. Bxe5 $11 Qf5 18. Bxf6+ Qxf6 19. Rf1 Rfd8 20. Qd3 Qe5 21. e4 Rac8 22. Rab1 Be2 23. Qxe2 Qxg3+ 24. Kh1 Qxh3+ 25. Kg1 Kh8 26. Bxf7 Rg8+ 0-1

[Event "Reykjavik Chess Congress 2018"]
[Site "Reykjavik"]
[Date "2018.01.21"]
[Round "4"]
[White "Birkisson, Bjorn Holm"]
[Black "Ptacnikova, Lenka"]
[Result "1-0"]
[ECO "B10"]
[WhiteElo "2084"]
[BlackElo "2218"]
[Annotator "NA"]
[PlyCount "89"]
[EventDate "2018.??.??"]
[EventType "swiss"]
[EventCountry "ISL"]
[SourceTitle "playchess.com"]
[Source "ChessBase"]
[SourceQuality "1"]
[TimeControl "40/5400+30:900+30"]

1. e4 c6 2. Nc3 d5 3. Nf3 dxe4 4. Nxe4 Bf5 5. Ng3 Bg6 6. h4 h6 7. Ne5 Bh7 8. Qh5 g6 9. Bc4 e6 10. Qe2 Qe7 11. d4 {[%emt 0:07:15] B11: Caro-Kann: Two Knights Variation} Nf6 (11... Bg7 12. Bf4 Nf6 13. Qd2 Bg8 14. O-O-O Nbd7 15. Rhe1 Nd5 16. Ne4 Nxf4 17. Qxf4 Nf6 18. Nc5 Nd5 {1-0 (36) Atlas,V (2387)-Kuehn,P (2440) Switzerland 2003}) 12. Bd2 Nbd7 13. O-O-O Nd5 14. Ne4 Bg7 $146 ({Predecessor:} 14... O-O-O 15. Rhe1 Nxe5 16. dxe5 Qc7 17. f4 Be7 18. g3 Rhg8 19. Rh1 Rg7 20. Bb3 Nb6 21. Bc3 {½-½ (21) Kaid,A-Borgdorf,M Germany 1995}) 15. Nxd7 Qxd7 16. Nc5 Qe7 17. Bxd5 exd5 $2 (17... cxd5 $16 18. Qb5+ Kf8) 18. Qxe7+ $2 (18. Rhe1 $18 Qxe2 19. Rxe2+ Kf8 20. Rde1) 18... Kxe7 19. Rhe1+ ({But not} 19. Nxb7 $6 Rhe8 $16) 19... Kf8 20. Nxb7 g5 21. hxg5 hxg5 22. Bxg5 Bf5 23. Nd6 Be6 24. f4 Bg4 25. Rd3 f6 26. Rde3 Bd7 27. Re7 fxg5 28. Rxd7 gxf4 29. Rde7 Bxd4 30. Re8+ Rxe8 31. Rxe8+ Kg7 32. Rxh8 Kxh8 33. c3 Bc5 34. Nf7+ Kg7 35. Ne5 $16 Be3+ 36. Kd1 c5 37. Ke2 c4 38. b3 cxb3 39. axb3 d4 40. c4 Kf6 41. Nc6 Kf5 42. Kd3 Kg4 43. Nxd4 Bf2 44. c5 Kg3 45. c6 1-0

[Event "Reykjavik Chess Congress 2018"]
[Site "Reykjavik"]
[Date "2018.01.21"]
[Round "4"]
[White "Mai, Aron Thor"]
[Black "Halldorsson, Bragi"]
[Result "1/2-1/2"]
[ECO "B19"]
[WhiteElo "2066"]
[BlackElo "2082"]
[Annotator "NA"]
[PlyCount "82"]
[EventDate "2018.??.??"]
[EventType "swiss"]
[EventCountry "ISL"]
[SourceTitle "playchess.com"]
[Source "ChessBase"]
[SourceQuality "1"]
[TimeControl "40/5400+30:900+30"]

1. e4 c6 2. d4 d5 3. Nd2 dxe4 4. Nxe4 Bf5 5. Ng3 Bg6 6. h4 h6 7. Nf3 Nd7 8. h5 Bh7 9. Bd3 Bxd3 10. Qxd3 e6 11. Bd2 Ngf6 12. O-O-O Qc7 13. Ne4 Nxe4 14. Qxe4 Nf6 15. Qe2 Bd6 16. g3 O-O-O 17. c4 c5 18. Kb1 {[%emt 0:01:59] LiveBook: 32 Games B19: Classical Caro-Kann: 4...Bf5 main line} (18. Bc3 cxd4 19. Nxd4 a6 20. Kb1 Rd7 21. Nb3 Qc6 22. Rh4 Rhd8 23. Rc1 Kb8 24. c5 Bc7 25. a3 Rd5 26. Rc4 Rd3 27. Nd4 Qe4 28. Qxe4 Nxe4 {1-0 (51) Piorun,K (2586)-Czarnota,P (2523) Poland 2015}) 18... cxd4 19. Nxd4 Bc5 20. Nb3 Rd7 $146 ({Predecessor:} 20... Qc6 21. Bc3 Rhg8 22. Rxd8+ Rxd8 23. Re1 Rg8 24. g4 Be7 25. f3 Nd7 {½-½ (33) Jankunas,V (1844)-Kalnins,T Palanga 2011}) 21. Rc1 Rhd8 22. Bc3 Qc6 23. Rh4 Bb6 24. c5 Bc7 25. Rc4 Rd3 26. Ba5 $11 Qf3 27. Qe1 Rd1 28. Qb4 Rxc1+ 29. Nxc1 Bxa5 30. Qxa5 Rd1 31. c6 Qf5+ 32. Qxf5 exf5 33. cxb7+ Kxb7 34. Rc5 Rd5 35. Rxd5 Nxd5 36. Nd3 Nf6 37. Ne5 Nxh5 38. Nxf7 Kc6 39. Kc2 Kd5 40. Kd3 Nf6 41. Ke3 Ng4+ {[%emt 0:02:14] Ke4+} 1/2-1/2

[Event "Reykjavik Chess Congress 2018"]
[Site "Reykjavik"]
[Date "2018.01.21"]
[Round "4"]
[White "Mai, Alexander Oliver"]
[Black "Viglundsson, Bjorgvin"]
[Result "1-0"]
[ECO "B01"]
[WhiteElo "1970"]
[BlackElo "2167"]
[Annotator "NA"]
[PlyCount "62"]
[EventDate "2018.??.??"]
[EventType "swiss"]
[EventCountry "ISL"]
[SourceTitle "playchess.com"]
[Source "ChessBase"]
[SourceQuality "1"]
[TimeControl "40/5400+30:900+30"]

1. e4 d5 2. exd5 Qxd5 3. Nc3 Qd8 4. d4 Nf6 5. Nf3 Bg4 6. h3 Bxf3 {[%emt 0:03:48] B01: Scandinavian Defence} 7. Qxf3 c6 8. Be3 (8. Ne2 e6 9. g4 Qd5 10. Bg2 Nbd7 11. Qg3 Qc4 12. Qb3 Qxb3 13. axb3 Bd6 14. c4 {0-1 (50) Caruana,F (2801)-Carlsen,M (2877) Tromsoe 2014}) 8... e6 9. Bd3 Nbd7 10. O-O Be7 11. Rad1 O-O 12. Ne4 Nxe4 13. Qxe4 Nf6 14. Qf3 Qd5 $146 15. Qxd5 cxd5 16. f4 g6 17. Kf2 Nd7 18. g4 f5 19. g5 Rfc8 20. h4 a6 21. h5 b5 22. hxg6 hxg6 23. Rh1 Bf8 24. Bd2 Bg7 25. Ke3 Nb6 26. b3 Rc6 $16 27. Bb4 Nc8 28. Bc5 Nd6 29. Bxd6 Rxd6 30. Ra1 Rc8 31. a4 b4 {[%emt 0:00:14] Ke4} 1-0

[Event "Reykjavik Chess Congress 2018"]
[Site "Reykjavik"]
[Date "2018.01.21"]
[Round "4"]
[White "Baldursson, Haraldur"]
[Black "Stefansson, Vignir Vatnar"]
[Result "0-1"]
[ECO "A88"]
[WhiteElo "1942"]
[BlackElo "2304"]
[Annotator "NA"]
[PlyCount "52"]
[EventDate "2018.??.??"]
[EventType "swiss"]
[EventCountry "ISL"]
[SourceTitle "playchess.com"]
[Source "ChessBase"]
[SourceQuality "1"]
[TimeControl "40/5400+30:900+30"]

1. d4 f5 2. Nf3 Nf6 3. c4 g6 4. Nc3 Bg7 5. g3 O-O 6. Bg2 d6 7. O-O c6 8. d5 e5 9. e4 Na6 {[%emt 0:15:40] LiveBook: 9 Games A88: Dutch Defence: Leningrad System: 5 Nf3 0-0 6 0-0 d6 7 Nc3 c6} (9... cxd5 10. cxd5 Na6 11. exf5 gxf5 12. Nh4 f4 13. a3 Bg4 14. Qc2 Rc8 15. Bd2 b5 16. b4 Rc4 17. h3 {0-1 (57) Kovalenko,I (2694)-Anton Guijarro,D (2630) Reykjavik 2015}) 10. dxc6 bxc6 11. Qe2 $146 ({Predecessor:} 11. exf5 $11 {bleibt in der Remisbreite.} Bxf5 12. Bg5 Nc5 13. Nd2 Qc7 14. b4 Ne6 15. Bxf6 Bxf6 {1-0 (38) Priehoda,V (2365)-Ruckschloss,K (2315) Sala 1991}) 11... fxe4 12. Nxe4 Nxe4 13. Qxe4 d5 14. Qe2 e4 15. Nd2 $2 (15. Ng5 $15) 15... Nb4 16. a3 Nc2 17. Ra2 Nd4 18. Qd1 Nf5 19. Nb3 $2 (19. b4 $1 $11 {und Weiss ist OK.}) 19... Ba6 20. Nd2 e3 21. fxe3 Qb6 22. cxd5 (22. Kh1 $142 Nxe3 23. Rxf8+ Rxf8 24. Qg1) 22... Nxe3 23. Rxf8+ Rxf8 24. Qb3 Qxb3 25. Nxb3 Nxg2 26. Nc5 Bd4+ 0-1

[Event "Reykjavik Chess Congress 2018"]
[Site "Reykjavik"]
[Date "2018.01.25"]
[Round "5"]
[White "Ptacnikova, Lenka"]
[Black "Mai, Alexander Oliver"]
[Result "1-0"]
[ECO "A13"]
[WhiteElo "2218"]
[BlackElo "1970"]
[Annotator "RC"]
[PlyCount "159"]
[EventDate "2018.??.??"]
[EventType "swiss"]
[EventCountry "ISL"]
[SourceTitle "playchess.com"]
[Source "ChessBase"]
[SourceQuality "1"]
[TimeControl "40/5400+30:900+30"]

1. c4 e6 2. Nf3 Nf6 3. e3 d5 4. b3 Be7 5. Bb2 O-O 6. Be2 b6 7. O-O Bb7 8. cxd5 exd5 9. d4 Nbd7 10. Nc3 Re8 11. Rc1 c6 12. Rc2 Bd6 13. Qc1 Qe7 14. Rd1 Rac8 15. a3 a5 16. Na4 b5 17. Nc5 Bxc5 18. dxc5 Ne4 19. Bd4 Nf8 20. b4 a4 21. Bd3 Ng6 22. Qb2 f6 23. Qa2 Rcd8 24. Ba1 Qf7 25. Rcc1 Bc8 26. Nd4 Bd7 27. f3 Ng5 28. Qf2 Ne7 29. h4 Ne6 30. Nc2 Ng6 31. f4 Nef8 32. Nd4 Ne7 33. Re1 Ne6 34. Nf3 Nc7 35. Qc2 Qh5 36. Nd4 Qxh4 37. f5 Qh5 38. Rf1 Kh8 39. Rf3 Ng8 40. Rcf1 Qg5 41. Bb2 Nh6 42. Bc1 Qh5 43. Rh3 Qf7 44. Rf4 Rg8 45. Rfh4 Rde8 46. g4 Re7 47. Qh2 Ne8 48. Bd2 Re4 49. Be1 Qe7 50. Bf2 Qe5 51. Bg3 Qe7 52. Bf4 Rxd4 53. exd4 Qe1+ 54. Bf1 Qe4 55. Qd2 Qe7 56. Bg2 Bc8 57. Qe3 Qf7 58. Kf1 Bd7 59. Qg3 Qe7 60. Bf3 Qf7 61. Qe1 Bc8 62. Rh2 Qf8 63. Bxh6 gxh6 64. Rxh6 Rg7 65. Re2 Bd7 66. Rhh2 Qg8 67. Rh1 Nc7 68. Re7 Qf8 69. Rxg7 Qxg7 70. Qe3 Ne8 71. Rh2 Nc7 72. Re2 h5 73. Rh2 Be8 74. Kf2 Kg8 75. gxh5 Qh7 76. Qf4 Kf8 77. h6 Na6 78. Qd6+ Kf7 79. Bh5+ Kg8 80. Rg2+ 1-0

[Event "Reykjavik Chess Congress 2018"]
[Site "Reykjavik"]
[Date "2018.01.24"]
[Round "5"]
[White "Bergsson, Stefan"]
[Black "Birkisson, Bjorn Holm"]
[Result "1-0"]
[ECO "B00"]
[WhiteElo "2093"]
[BlackElo "2084"]
[Annotator "NA RC"]
[PlyCount "72"]
[EventDate "2018.??.??"]
[EventType "swiss"]
[EventCountry "ISL"]
[SourceTitle "playchess.com"]
[Source "ChessBase"]
[SourceQuality "1"]
[TimeControl "40/5400+30:900+30"]

1. e4 Nc6 2. Nc3 d6 3. f4 g6 4. Nf3 Bg7 5. Bc4 {[%emt 0:01:57] B07: Pirc Defence: Miscellaneous Systems} (5. d4 Bg4 6. Be3 Bxf3 7. gxf3 e6 8. Qd2 d5 9. O-O-O Nge7 10. Rg1 Qd7 11. Kb1 O-O-O 12. Ne2 Kb8 13. Bh3 dxe4 14. fxe4 f5 15. d5 exd5 16. e5 Qe6 17. c3 d4 18. cxd4 {½-½ (28) Vojta,T (2350)-Turner,J (2364) Prague 2017}) 5... Na5 6. Bb5+ Bd7 $146 ({Find the theoretical novelty and annotate with similar games:} 6... c6 7. Be2 c5 8. O-O e6 9. d4 cxd4 10. Nxd4 Ne7 11. Ndb5 d5 12. exd5 exd5 13. Nxd5 Nxd5 14. Qxd5 {0-1 (30) Ebelshaeuser,P-Thomas,A Mehlingen 1992}) 7. Be2 c5 8. O-O Nc6 9. Kh1 Nh6 10. Qe1 Nd4 11. Bd1 e5 ({Black should try} 11... e6 $15) 12. d3 O-O 13. fxe5 Nxf3 14. Bxf3 dxe5 15. Be3 Rc8 16. h3 Kh8 17. a4 Ng8 18. a5 b5 (18... Be6 $11 {remains equal.}) 19. Qf2 Qc7 20. Nd5 Qc6 (20... Qd6 $16 {might work better.}) 21. Rfc1 (21. b4 $18 {and White stays clearly on top.}) 21... Rfe8 (21... f5 $142) 22. c3 a6 23. Nb6 Rc7 24. d4 c4 25. Nd5 Rcc8 26. Qh4 Rb8 (26... exd4 $142 27. cxd4 (27. Bxd4 Qb7 $16) 27... Qe6) 27. Rf1 f5 (27... Qb7 $16 {was called for.} 28. Nb6 exd4 29. cxd4 Bc6) 28. exf5 Bxf5 29. dxe5 Bxe5 30. Bd4 Qd7 31. Nb6 Qg7 32. Bc6 Bxd4 ({Better is} 32... Rf8) 33. cxd4 $2 ({Weiss braucht} 33. Bxe8 $18 Bf6 34. Qe1) 33... Re2 34. Rae1 Rxb2 35. d5 Rd2 $14 (35... Bd3 $11 36. Rf3 g5) 36. Qf4 Bxh3 1-0

[Event "Reykjavik Chess Congress 2018"]
[Site "Reykjavik"]
[Date "2018.01.31"]
[Round "6"]
[White "Baldursson, Haraldur"]
[Black "Halldorsson, Bragi"]
[Result "0-1"]
[ECO "D17"]
[WhiteElo "1942"]
[BlackElo "2082"]
[Annotator "NA RC"]
[PlyCount "59"]
[EventDate "2018.??.??"]
[EventType "swiss"]
[EventCountry "ISL"]
[SourceTitle "playchess.com"]
[Source "ChessBase"]
[SourceQuality "1"]
[TimeControl "40/5400+30:900+30"]

1. d4 Nf6 2. Nf3 d5 3. c4 c6 4. Nc3 dxc4 5. a4 Bf5 6. Ne5 Na6 7. f3 Nd7 8. Nxc4 e5 9. e4 exd4 10. Qxd4 Nb4 11. Qd1 Be6 12. Bf4 Nc5 13. Nd6+ Bxd6 14. Bxd6 Ncd3+ 15. Bxd3 Qxd6 16. Be2 Qc5 17. Ra3 Rd8 18. Qc1 O-O 19. Kf1 Rd7 20. Na2 Qxc1+ 21. Nxc1 Rd2 22. b3 Rfd8 23. Kf2 Rb2 24. Kg3 Rdd2 25. Bf1 Nc2 26. Ra2 Rxa2 27. Nxa2 Ne3 28. Nc3 Bxb3 29. Kf4 Nd1 30. Be2 0-1

[Event "Reykjavik Chess Congress 2018"]
[Site "Reykjavik"]
[Date "2018.01.31"]
[Round "6"]
[White "Ulfljotsson, Jon"]
[Black "Stefansson, Vignir Vatnar"]
[Result "1/2-1/2"]
[ECO "A88"]
[WhiteElo "1687"]
[BlackElo "2304"]
[Annotator "NA RC"]
[PlyCount "63"]
[EventDate "2018.??.??"]
[EventType "swiss"]
[EventCountry "ISL"]
[SourceTitle "playchess.com"]
[Source "ChessBase"]
[SourceQuality "1"]
[TimeControl "40/5400+30:900+30"]

1. d4 f5 2. Nf3 Nf6 3. g3 g6 4. Bg2 Bg7 5. O-O O-O 6. c4 d6 7. Nc3 c6 8. Qc2 Na6 9. a3 Qe8 10. Bg5 e5 11. Bxf6 Bxf6 12. e3 Be6 13. b3 g5 14. d5 Bd7 15. Rad1 g4 16. Nd2 e4 17. b4 Qh5 18. Nb3 Be5 19. c5 dxc5 20. Nxc5 Nxc5 21. bxc5 Qf7 22. Rb1 Rab8 23. dxc6 Bxc6 24. Ne2 Rbd8 25. Rfd1 a6 26. Bf1 Bb5 27. Nf4 Bxf1 28. Kxf1 Rc8 29. Rb6 Rfd8 30. Rxd8+ Rxd8 31. c6 Rc8 32. Qa4 1/2-1/2

[Event "Reykjavik Chess Congress 2018"]
[Site "Reykjavik"]
[Date "2018.01.31"]
[Round "7"]
[White "Valdimarsson, Einar"]
[Black "Ptacnikova, Lenka"]
[Result "0-1"]
[ECO "A40"]
[WhiteElo "2023"]
[BlackElo "2218"]
[Annotator "RC"]
[PlyCount "86"]
[EventDate "2018.??.??"]
[EventType "swiss"]
[EventCountry "ISL"]
[SourceTitle "playchess.com"]
[Source "ChessBase"]
[SourceQuality "1"]
[TimeControl "40/5400+30:900+30"]

1. d4 g6 2. Bg5 c5 3. d5 Bg7 4. Nc3 d6 5. e4 a6 6. a4 b6 7. Be2 Nd7 8. Nf3 Qc7 9. O-O Rb8 10. Nd2 Ngf6 11. f4 O-O 12. Kh1 Re8 13. Bc4 h6 14. Bh4 Nh7 15. Qe2 Ra8 16. Rae1 Bxc3 17. bxc3 Ndf8 18. e5 Bd7 19. e6 fxe6 20. dxe6 Bc6 21. f5 g5 22. Qh5 gxh4 23. Qf7+ Kh8 24. f6 Nxe6 25. Bxe6 Rg8 26. Ne4 h3 27. Rf2 hxg2+ 28. Kg1 Bxe4 29. Rxe4 d5 30. Re1 Ng5 31. Qh5 exf6 32. Rxf6 Rg7 33. Rxh6+ Nh7 34. Bf5 Qf7 35. Qh3 Rf8 36. Rh5 d4 37. Re2 dxc3 38. Rxg2 Rxg2+ 39. Qxg2 Rg8 40. Rxh7+ Qxh7 41. Bxh7 Kxh7 42. Qxg8+ Kxg8 43. Kf2 b5 0-1

[Event "Reykjavik Chess Congress 2018"]
[Site "Reykjavik"]
[Date "2018.02.04"]
[Round "8"]
[White "Ragnarsson, Dagur"]
[Black "Halldorsson, Bragi"]
[Result "1-0"]
[ECO "D43"]
[WhiteElo "2332"]
[BlackElo "2082"]
[Annotator "NA"]
[PlyCount "85"]
[EventDate "2018.??.??"]
[EventType "swiss"]
[EventCountry "ISL"]
[SourceTitle "playchess.com"]
[Source "ChessBase"]
[SourceQuality "1"]
[TimeControl "40/5400+30:900+30"]

1. d4 Nf6 2. c4 e6 3. Nc3 d5 4. Nf3 c6 5. Bg5 Be7 6. e3 O-O 7. a3 Nbd7 8. Qc2 b6 9. Bd3 {[%emt 0:01:02] D61: Queen's Gambit Declined: Classical: 7 Qc2} (9. cxd5 cxd5 10. Bd3 Bb7 11. O-O h6 12. Bf4 Rc8 13. Rfc1 a6 14. a4 Rc6 15. Qe2 Qa8 16. Nd2 Bb4 17. h3 Rfc8 18. Bb5 axb5 19. axb5 Rxc3 20. bxc3 {0-1 (40) Granda Zuniga,J (2636)-Adly,A (2630) Khanty-Mansiysk 2010}) 9... Bb7 10. O-O dxc4 11. Bxc4 c5 12. Rad1 Qc8 $146 ({Predecessor:} 12... Bxf3 13. gxf3 Nh5 14. Bxe7 Qxe7 15. d5 Ne5 16. Be2 Qh4 {1-0 (28) Berkvens,J (2467)-Span,P (2294) Dieren 2002}) 13. Ba2 Rd8 14. Ne5 cxd4 15. exd4 Nxe5 16. dxe5 Nd5 17. Bxe7 Nxe7 18. Bb1 g6 19. Qe2 Qc7 20. Rc1 Nc6 21. f4 Nd4 22. Qf2 Nb3 23. Nd5 Qxc1 24. Nf6+ Kg7 25. Rxc1 Nxc1 26. Qh4 Rd1+ 27. Kf2 Rd2+ 28. Ke1 Rad8 29. Qxh7+ Kf8 30. Qh8+ Ke7 31. Ng8+ Rxg8 32. Qf6+ Ke8 33. Kxd2 Nb3+ 34. Ke3 Bxg2 35. Bc2 Bd5 36. Bxb3 Bxb3 37. h4 Rf8 38. f5 exf5 $2 (38... Rg8 39. fxg6 fxg6) 39. Qc6+ Ke7 $18 40. Qc7+ Ke8 41. Qb8+ Ke7 42. Qxa7+ Ke8 43. Qxb6 1-0

[Event "Reykjavik Chess Congress 2018"]
[Site "Reykjavik"]
[Date "2018.02.04"]
[Round "8"]
[White "Olafsson, Thorvardur"]
[Black "Fridjonsson, Julius"]
[Result "1/2-1/2"]
[ECO "B33"]
[WhiteElo "2178"]
[BlackElo "2137"]
[Annotator "NA"]
[PlyCount "117"]
[EventDate "2018.??.??"]
[EventType "swiss"]
[EventCountry "ISL"]
[SourceTitle "playchess.com"]
[Source "ChessBase"]
[SourceQuality "1"]
[TimeControl "40/5400+30:900+30"]

1. e4 c5 2. Nf3 Nc6 3. d4 cxd4 4. Nxd4 Nf6 5. Nc3 e6 6. Ndb5 Bb4 7. a3 Bxc3+ 8. Nxc3 d5 9. exd5 exd5 10. Bd3 d4 11. Ne2 O-O 12. O-O Bg4 13. f3 Bh5 14. b4 {[%emt 0:03:12] B45: Sicilian Four Knights} a5 $146 ({Predecessor:} 14... Qb6 15. Rf2 Rad8 16. Bg5 Ne5 17. Ng3 Bg6 18. f4 Nxd3 19. cxd3 h6 20. Bxf6 Qxf6 21. f5 Bh7 {1-0 (35) Balogh,C (2648)-Petrov,M (2438) Porto Rio 2014}) 15. b5 Ne5 16. Bb2 Nxd3 17. Qxd3 Bg6 18. Qxd4 Bxc2 19. Qxd8 Rfxd8 20. Bxf6 gxf6 21. Rfc1 Bd3 22. Nc3 Rac8 23. Ne4 Bxb5 24. Rxc8 Rxc8 25. Nd6 Rc5 26. Nxb7 Rc2 27. Nxa5 Ba4 28. Rb1 Rc3 29. Rb8+ Kg7 30. Ra8 Rxa3 31. Nc4 Ra1+ 32. Kf2 Ra2+ 33. Kg3 Bb3 34. Rxa2 Bxa2 35. Nd6 Kg6 36. Kf4 Bb1 37. g4 Bd3 38. Nc8 h6 39. Ne7+ Kg7 40. Nf5+ Kg6 41. h4 Bb5 42. h5+ Kh7 43. Nd6 Bc6 44. Nxf7 Kg7 45. Nd6 Bd7 {[%emt 0:00:34] [#]} 46. Nf5+ $1 Kh7 47. Nd4 Kg7 {[%emt 0:00:19] [#]} 48. Ke4 $1 Bc8 49. Nf5+ (49. Kd5 $142 Kf7 50. Ke4) 49... Kh7 $18 50. Nh4 Kg7 51. Kd5 Kf7 52. Nf5 Bb7+ 53. Kd6 Bxf3 54. Nxh6+ Kg7 55. Nf5+ Kh7 56. Ne3 Kh6 57. Ke6 Bxg4+ 58. Nxg4+ Kxh5 59. Nxf6+ 1/2-1/2

[Event "Reykjavik Chess Congress 2018"]
[Site "Reykjavik"]
[Date "2018.02.04"]
[Round "8"]
[White "Loftsson, Hrafn"]
[Black "Sigurdsson, Birkir Karl"]
[Result "1-0"]
[ECO "A20"]
[WhiteElo "2163"]
[BlackElo "1934"]
[Annotator "NA"]
[PlyCount "137"]
[EventDate "2018.??.??"]
[EventType "swiss"]
[EventCountry "ISL"]
[SourceTitle "playchess.com"]
[Source "ChessBase"]
[SourceQuality "1"]
[TimeControl "40/5400+30:900+30"]

1. c4 e5 2. g3 Nf6 3. Bg2 Nc6 4. Nc3 Bc5 5. Nf3 d6 6. d3 h6 7. O-O O-O 8. a3 a5 9. e3 Re8 {[%emt 0:01:49] A29: Englische Eröffnung (Vierspringer-Variante)} 10. b3 Bg4 (10... Bf5 11. Nd5 Be6 12. d4 exd4 13. exd4 Ba7 14. Ne3 d5 {½-½ (30) Navara,D (2638)-Sokolov,I (2657) Budva 2009}) 11. h3 Bh5 12. Bb2 Qd7 13. Nd5 Nxd5 14. cxd5 Bxf3 15. Bxf3 $146 ({Vorgänger:} 15. Qxf3) 15... Ne7 16. Bg2 c6 17. dxc6 bxc6 18. d4 exd4 19. Bxd4 Bxd4 20. Qxd4 Rab8 21. Rfd1 d5 22. Rab1 Nf5 23. Qc3 Ra8 {[%emt 0:07:58] [#]} 24. e4 $1 Ne7 25. Qc5 Red8 26. Rd4 Qa7 27. Rc1 Qb7 28. Rcd1 Qa7 29. Qxa7 Rxa7 30. exd5 cxd5 31. Bxd5 Nxd5 32. Rxd5 Rxd5 33. Rxd5 Rb7 34. Rd3 g5 35. Kf1 Kg7 36. Ke2 Kg6 37. Kd2 f5 38. Kc3 Rc7+ 39. Kb2 Rc6 40. b4 axb4 41. axb4 $18 f4 42. b5 Rb6 43. Rb3 Kf5 44. Kc3 fxg3 45. fxg3 Ke5 46. Kc4 Kd6 47. Rd3+ Kc7 48. Kc5 Rf6 49. g4 Re6 50. Rf3 Re5+ 51. Kc4 Re6 52. Kd5 Rd6+ 53. Kc5 Re6 54. b6+ Kb8 55. Rf8+ Kb7 56. Rf7+ Kb8 57. Rh7 Re5+ 58. Kc6 Re6+ 59. Kb5 Re1 60. Rxh6 Rb1+ 61. Kc6 Rc1+ 62. Kd5 Kb7 63. Ke5 Rf1 64. Rf6 Rh1 65. Kf5 Rxh3 66. Kxg5 Rh1 67. Kg6 Rg1 68. g5 Rh1 69. Kg7 1-0

[Event "Reykjavik Chess Congress 2018"]
[Site "Reykjavik"]
[Date "2018.02.04"]
[Round "8"]
[White "Ingvason, Johann"]
[Black "Bjornsson, Eirikur K"]
[Result "1-0"]
[ECO "B56"]
[WhiteElo "2161"]
[BlackElo "1934"]
[Annotator "NA"]
[PlyCount "75"]
[EventDate "2018.??.??"]
[EventType "swiss"]
[EventCountry "ISL"]
[SourceTitle "playchess.com"]
[Source "ChessBase"]
[SourceQuality "1"]
[TimeControl "40/5400+30:900+30"]

1. e4 c5 2. Nf3 Nc6 3. d4 cxd4 4. Nxd4 Nf6 5. Nc3 d6 6. h3 e5 7. Nde2 Be7 {[%emt 0:01:25] B56: Classical Sicilian: Unusual Lines} (7... Be6 8. Bg5 Be7 9. Bxf6 Bxf6 10. Nd5 Bxd5 11. Qxd5 O-O 12. c3 Ne7 13. Qb3 Qc7 14. g3 b5 15. Bg2 {½-½ (50) Escobar Forero,A (2482)-Bartholomew,J (2459) Charlotte 2018}) 8. g4 Be6 9. Bg2 a6 10. Be3 b5 11. a3 O-O $146 ({Predecessor:} 11... Rc8 12. Qd2 Na5 13. b3 O-O 14. O-O h5 15. g5 Nd7 {1-0 (56) Sergievsky,V-Belov,L Saratov 1966}) 12. Ng3 Na5 13. O-O Nc4 14. Bc1 Rc8 15. Qf3 Ne8 16. Rd1 Bg5 17. Bxg5 Qxg5 18. b3 Nb6 19. Rd3 g6 20. Kh2 Nd7 21. Rad1 Ndf6 $11 22. Qe2 Kg7 23. Kg1 Rh8 24. Rf3 Nxg4 25. hxg4 Bxg4 26. Rdd3 Qc1+ 27. Bf1 Qxa3 28. Rxf7+ Kxf7 29. Qxg4 Nf6 30. Rf3 Kg7 31. Qg5 Rhf8 32. Rxf6 Rxc3 33. Nh5+ Kg8 34. Rxf8+ Kxf8 35. Qd8+ Kf7 36. Qd7+ Kf8 37. Qg7+ Ke8 38. Nf6+ 1-0